 Dungeon Crawl Stone Soup version 0.28.0 (webtiles) character file.

Game seed: 10817785510385395415

143 wat the Skirmisher (level 5, -9/47 HPs)
             Began as a Minotaur Fighter on Feb 10, 2022.
             Mangled by Menkaure (14 damage)
             ... on level 4 of the Dungeon.
             The game lasted 00:02:39 (2574 turns).

wat the Skirmisher (Minotaur Fighter)               Turns: 2574, Time: 00:02:40

Health: -9/47      AC:  7    Str: 21    XL:     5   Next: 4%
Magic:  4/4        EV:  9    Int:  7    God:
Gold:   127        SH:  4    Dex:  9    Spells: 4/4 levels left

rFire   . . .      SeeInvis .   a - +0 long sword
rCold   . . .      Faith    .   c - +0 buckler
rNeg    . . .      Spirit   .   b - +0 scale mail
rPois   .          Reflect  .   q - +0 hat
rElec   .          Harm     .   (no cloak)
rCorr   .          Rampage  .   (no gloves)
Will    .....                   (no boots)
Stlth   ..........              (no amulet)
HPRegen 0.15/turn               (no ring)
MPRegen 0.09/turn               (no ring)

@: mighty
A: horns 2, retaliatory headbutt
a: no special abilities


You were on level 4 of the Dungeon.
You visited 1 branch of the dungeon, and saw 4 of its levels.

You collected 127 gold pieces.

Inventory:

Hand Weapons
 a - a +0 long sword (weapon)
 h - a +0 hand axe of flaming
Missiles
 j - 5 javelins (quivered)
 m - a throwing net
Armour
 b - a +0 scale mail (worn)
 c - a +0 buckler (worn)
 q - a +0 hat (worn)
Jewellery
 n - a +4 ring of evasion
Scrolls
 e - a scroll of teleportation {unknown}
 f - a scroll of summoning {unknown}
 g - a scroll of enchant armour {unknown}
 i - 2 scrolls of identify {unknown}
 p - a scroll of enchant weapon {unknown}
Potions
 k - a potion of heal wounds {unknown}
 l - a potion of haste {unknown}
 o - a potion of attraction {unknown}


   Skills:
 + Level 4.7 Fighting
 + Level 3.7 Long Blades
 + Level 4.6 Armour
 + Level 4.6 Shields


You had 4 spell levels left.
You didn't know any spells.
Your spell library contained the following spells:

 Spells                   Type           Power      Damage    Failure   Level
 Conjure Flame            Conj/Fire      0%         6-21      99%         3
 Ignite Poison            Fire/Tmut/Pois 0%         N/A       99%         3
 Sticky Flame             Conj/Fire      0%         2d3       100%        4


Dungeon Overview and Level Annotations

Branches:
Dungeon (4/15)
 Temple: D:4-7

Altars:

Shops:
D:4 ***

Annotations:
D:4 Menkaure


Innate Abilities, Weirdness & Mutations

You have a pair of horns on your head.
You reflexively headbutt those who attack you in melee.


Message History

There is an open door here.
You close the door.
Something unseen opens the door.
Menkaure hits you.
There is an open door here.
You hit Menkaure but do no damage.
You headbutt Menkaure, but do no damage.
Menkaure completely misses you. Menkaure closely misses you.
You hit Menkaure but do no damage.
Menkaure calls on the powers of darkness!
Your body is wracked with pain!
You hit Menkaure.
Menkaure is lightly damaged.
Menkaure barely misses you. You furiously retaliate!
You headbutt Menkaure, but do no damage.
Menkaure gestures at you while chanting.
You barely resist. You barely miss Menkaure.
Menkaure is lightly damaged.
Menkaure gestures at you while chanting.
Pain shoots through your body!
* * * LOW HITPOINT WARNING * * *
You barely miss Menkaure. You headbutt Menkaure.
Menkaure is moderately damaged.
Menkaure hits you but does no damage.
You closely miss Menkaure.
Menkaure is moderately damaged.
Menkaure hits you!
* * * LOW HITPOINT WARNING * * *
You block Menkaure's attack.
You feel very mighty all of a sudden. Menkaure barely misses you.
You closely miss Menkaure. Your headbutt misses Menkaure.
Menkaure is moderately damaged.
You block Menkaure's attack. Menkaure hits you.
* * * LOW HITPOINT WARNING * * *
You slash Menkaure!
Menkaure is severely damaged.
Menkaure hits you!
You die...

.≈ #.........
∩..+........ .
.≈≈#.......##>.
.≈.......[.....
+#.$∩.......:..
...............
........M......
###@#######+###
#.....>.#.....#
#.......#.....+.
#.......#.......
##########.#######
...........#.....#
........[..#.>.∩.#
...........#.....#
...........#######


You could see Menkaure (fast).

Vanquished Creatures
  3 adders
  4 gnolls (D:3)
  2 worms
  A dart slug (D:3)
  An orc (D:3)
  6 ball pythons
  6 endoplasms
  4 giant cockroaches
  9 goblins
  7 hobgoblins
  4 jackals (D:1)
  3 kobolds
  3 quokkas
  3 bats
  4 frilled lizards
  5 rats
65 creatures vanquished.

Notes
Turn   | Place    | Note
-------+----------+-------------------------------------------
     0 | D:1      | wat the Minotaur Fighter began the quest for the Orb.
     0 | D:1      | Reached XP level 1. HP: 19/19 MP: 0/0
   133 | D:1      | Found a faded altar of an unknown god.
   147 | D:1      | Reached XP level 2. HP: 21/27 MP: 1/1
   559 | D:1      | Reached XP level 3. HP: 33/33 MP: 2/2
  1585 | D:3      | Reached XP level 4. HP: 41/41 MP: 3/3
  2226 | D:3      | Reached XP level 5. HP: 47/47 MP: 4/4
  2545 | D:4      | Found Lamerif's Assorted Antiques.
  2556 | D:4      | Found Zubolyec's Assorted Antiques.
  2558 | D:4      | Found Ehyps's General Store.
  2558 | D:4      | Noticed Menkaure
  2574 | D:4      | Mangled by Menkaure

Illustrated notes

Levels and vault maps discovered:
D:1:      heliophobic_arrival_ceremonial_halls, layout_rooms,
          dreamdust_ecumenical_altar_statues, st_stairs_6,
          minmay_misc_feat_enclosed
D:2:      layout_basic
D:3:      layout_basic, minmay_misc_feat_nine_boxes
D:4:      layout_gridville, serial_shops, nicolae_lakefront_shop, shop,
          nicolae_take_the_stairs, shop, nicolae_shop_hallway_plus,
          hangedman_glass_teeth, uniq_menkaure

Skill      XL: |  1  2 |
---------------+-------+-----
Shields        | 4 |  4.6
Fighting       | 4 |  4.7
Long Blades    | 3 |  3.7
Armour         | 4 |  4.6

Action                   |  1- 3 |  4- 6 || total
-------------------------+-------+-------++-------
Melee: Long sword        |    92 |    54 ||   146
       Headbutt          |     5 |     9 ||    14
Throw: Javelin           |       |     1 ||     1
  Use: Potion            |       |     1 ||     1
Armor: Scale mail        |    48 |    16 ||    64
Dodge: Dodged            |    45 |    31 ||    76
Block: Buckler           |    21 |    12 ||    33
